 Dungeon Crawl Stone Soup version 0.26-a0-812-g31a745ddcd (webtiles) character file.

Game seed: 16007730253260749301

925 kae the Cleaver (level 8, -7/70 HPs)
             Began as a Hill Orc Fighter on Dec 8, 2020.
             Killed by divine providence
             ... invoked by an orc priest
              (13 damage)
             ... on level 4 of the Dungeon.
             The game lasted 00:03:18 (4848 turns).

kae the Cleaver (Hill Orc Fighter)                  Turns: 4848, Time: 00:03:18

Health: -7/70      AC:  7    Str: 18 (21) XL:     8   Next: 10%
Magic:  8/8        EV:  8    Int: 14      God:
Gold:   143        SH:  8    Dex:  9 (10) Spells: 7/7 levels left

rFire    . . .     SeeInvis .   a - +0 war axe
rCold    . . .     Faith    .   c - +0 kite shield
rNeg     . . .     Spirit   .   b - +0 scale mail
rPois    .         Reflect  .   (no helmet)
rElec    .         Harm     .   (no cloak)
rCorr    .         Rampage  .   (no gloves)
MR       .....                  (no boots)
Stlth    ..........             (no amulet)
HPRegen  0.21/turn              i - +6 ring of intelligence
MPRegen  0.11/turn              (no ring)

@: no status effects
A: no striking features
a: Convert to Beogh


You were on level 4 of the Dungeon.
You visited 2 branches of the dungeon, and saw 6 of its levels.

You collected 143 gold pieces.

Inventory:

Hand Weapons
 a - a +0 war axe (weapon)
Armour
 b - a +0 scale mail (worn)
 c - a +0 kite shield (worn)
Jewellery
 i - a +6 ring of intelligence (left hand)
Wands
 f - a wand of iceblast (13)
Scrolls
 j - a scroll of identify
 n - a scroll of remove curse
Potions
 d - 2 potions of might
 e - a potion of brilliance
 g - a potion of flight
 h - a potion of haste


   Skills:
 + Level 6.0 Fighting
 * Level 8.0 Axes
 + Level 5.4 Armour
 + Level 3.0 Dodging
 - Level 3.2 Shields


You had 7 spell levels left.
You didn't know any spells.
Your spell library was empty.

Dungeon Overview and Level Annotations

Branches:
Dungeon (5/15)             Temple (1/1) D:4

Altars:
Ashenzari
Fedhas
Hepliaklqana
Kikubaaqudgha
Makhleb
Nemelex Xobeh
Okawaru
Ru
Sif Muna
Trog
Vehumet
Xom
Zin
The Shining One

Shops:
D:4 *

Annotations:
D:4 exclusion: door


Message History

The orc priest mumbles some strange prayers to Beogh against you.
Beogh smites you!
* * * LOW HITPOINT WARNING * * *
The orc priest hits you with a +0 trident.
* * * LOW HITPOINT WARNING * * *
The orc priest looks encouraged for a moment.
The orc priest calls upon Beogh to heal the orc priest.
The orc priest is healed somewhat.
You hit the orc priest.
You kill the orc priest!
Your Axes skill increases to level 8!
You closely miss the orc priest. x2; You block the orc priest's attack.
The orc priest hits you with a +0 trident.
* * * LOW HITPOINT WARNING * * *
You closely miss the orc priest.
The orc priest is lightly wounded.
You hit the orc priest but do no damage.
The orc priest calls down the wrath of Beogh upon you.
Beogh smites you!
You die...

####.......................
#....####.....###########..
#.##.# ####### #..
#..#.###### ###
#..#.##...#########
#..#.##..(##......####*
##(#.##....'.>..[.....*
#.#.....o.#..........*
#.#.....[@#..........*
#.#.....o.##.###.....##**
#B#.......##(.....##....##
#.#>.....................#
#o##.)[...###.........,..#
#o###.#######........###..
#.o...# #.......#..##...
####### #.#.....#,......
#.###'#....##...


You could see 2 orc priests.

Vanquished Creatures
  A sky beast (D:5)
  An ice beast (D:4)
  A black bear (D:5)
  An ogre (D:4)
  A scorpion (D:4)
  2 orc priests
  3 orc wizards
  Jessica (D:2)
  Natasha (D:2)
  3 worker ants (D:4)
  A hound skeleton (D:4)
  8 adders
  A shadow imp (D:2)
  An ooze (D:5)
  An adder zombie (D:5)
  An adder skeleton (D:5)
  2 worms
  A dart slug (D:3)
  19 orcs
  9 bats
  3 giant cockroaches
  9 goblins
  15 hobgoblins
  13 jackals
  6 frilled lizards
  11 kobolds
  8 rats
124 creatures vanquished.

Notes
Turn   | Place    | Note
-------+----------+-------------------------------------------
     0 | D:1      | kae the Hill Orc Fighter began the quest for the Orb.
     0 | D:1      | Reached XP level 1. HP: 19/19 MP: 1/1
    89 | D:1      | Reached skill level 3 in Axes
   256 | D:1      | Reached XP level 2. HP: 27/27 MP: 2/2
   534 | D:1      | Reached XP level 3. HP: 32/33 MP: 3/3
  1298 | D:2      | Reached skill level 1 in Dodging
  1303 | D:2      | Reached skill level 4 in Axes
  1546 | D:2      | Reached XP level 4. HP: 37/40 MP: 4/4
  1841 | D:3      | Noticed Natasha
  1858 | D:2      | Killed Natasha
  2160 | D:2      | Reached XP level 5. HP: 30/47 MP: 5/5
  2280 | D:3      | Noticed Jessica
  2307 | D:2      | Killed Jessica
  2307 | D:2      | Reached skill level 5 in Axes
  2803 | D:3      | Reached XP level 6. HP: 53/53 MP: 6/6
  3138 | D:4      | Found a burning altar of Makhleb.
  3149 | D:4      | Reached skill level 5 in Fighting
  3149 | D:4      | Reached skill level 6 in Axes
  3361 | D:4      | Noticed an ice beast
  3538 | D:4      | Noticed an ice beast
  3667 | D:4      | Killed an ice beast
  3667 | D:4      | Reached XP level 7. HP: 39/61 MP: 7/7
  4121 | D:5      | Entered Level 5 of the Dungeon
  4151 | D:5      | Reached skill level 7 in Axes
  4151 | D:5      | Reached skill level 5 in Armour
  4524 | D:4      | Found a staircase to the Ecumenical Temple.
  4547 | Temple   | Entered the Ecumenical Temple
  4709 | D:4      | Found Casuv's Elemental Accessories.
  4733 | D:4      | Reached XP level 8. HP: 63/70 MP: 8/8
  4847 | D:4      | Reached skill level 8 in Axes
  4848 | D:4      | Killed from afar by an orc priest

Illustrated notes

Levels and vault maps discovered:
D:1:      mrwooster_arrival_statue, layout_rooms, serial_co_window_serial,
          co_window_paths_a, co_window_corner_a, co_window_paths_a,
          co_window_of_opportunity_a, co_window_paths_a, co_window_corner_a,
          co_window_paths_b, co_window_paths_a, co_window_paths_b,
          co_window_corner_b, co_window_broadway_a, co_window_cross_3,
          co_window_2corner, co_window_of_opportunity_c, co_window_cross_4,
          co_window_of_opportunity_c, glass_columns_c
D:2:      layout_basic, serial_glass, glass_columns_a, glass_columns_a,
          st_stairs_10
D:3:      layout_basic, uniq_natasha, uniq_jessica
D:4:      minmay_clustersquares, layout_basic, minmay_temple_entry_stoned_glass,
          nicolae_elemental_shop, bloody_makhleb
D:5:      layout_basic, marbit_many_paths, kennysheep_slug_shrine, serial_shops,
          nicolae_shop_waterfront, uniq_blork_the_orc
Temple:   nicolae_temple_god_jail

Skill      XL: |  1  2  3  4  5  6  7  8 |
---------------+-------------------------+-----
Axes           | 3 4 5 6 7 8 |  8.0
Fighting       | 4 5 6 |  6.0
Dodging        | 1 2 3 |  3.0
Armour         | 4 5 |  5.4
Shields        | |  3.2

Action                   |  1- 3 |  4- 6 |  7- 9 || total
-------------------------+-------+-------+-------++-------
Melee: War axe           |   137 |   197 |   105 ||   439
  Use: Scroll            |     1 |     1 |     3 ||     5
       Potion            |       |     4 |     5 ||     9
Armor: Scale mail        |    77 |   107 |    51 ||   235
Dodge: Dodged            |    50 |    89 |    37 ||   176
Block: Kite shield       |    90 |   129 |    59 ||   278

Table legend: (Time is in decaauts)
 A = Elapsed time spent in this place.
 B = Non-inter-level travel time spent in this place.
 C = Inter-level travel time spent in this place.
 D = Time resting spent in this place.
 E = Time spent auto-exploring this place.
 F = Levels seen in this place.
 G = Mean time per level.
                   A        B        C        D        E       F      G
               +--------+--------+--------+--------+--------+-----+--------+
         Total |   5006 |   4890 |    116 |   1004 |   2909 |   6 |  834.3 |
       Dungeon |   4958 |   4856 |    102 |   1004 |   2875 |   5 |  991.6 |
        Temple |     47 |     34 |     13 |      0 |     34 |   1 |   47.0 |
               +--------+--------+--------+--------+--------+-----+--------+

Top non-repeatable levels by time:
     D:4: 1292 daAuts
     D:2: 1230 daAuts
     D:1: 1136 daAuts
     D:3: 901 daAuts
     D:5: 397 daAuts
  Temple: 47 daAuts
